 Dungeon Crawl Stone Soup version 0.24-a0-201-gf205589 (webtiles) character file.

Game seed: 2663044166710561160

121 Borgoz the Cutter (level 5, -2/32 HPs)
             Began as a Gargoyle Gladiator on Mar 25, 2019.
             Slain by Ijyb
             ... wielding a +5 club
              (6 damage)
             ... on level 2 of the Dungeon.
             The game lasted 00:05:21 (1975 turns).

Borgoz the Cutter (Gargoyle Gladiator)              Turns: 1975, Time: 00:05:21

Health: -2/32      AC: 12    Str: 17    XL:     5   Next: 5%
Magic:  4/5        EV: 10    Int:  9    God:
Gold:   133        SH:  0    Dex: 12    Spells: 4/5 levels left

rFire    . . .     SeeInvis .   p - +0 short sword (speed)
rCold    . . .     Gourm    .   (no shield)
rNeg     + . .     Faith    .   j - +0 scale mail
rPois    ∞         Spirit   .   q - +0 helmet
rElec    +         Reflect  .   o - +0 cloak
rCorr    .         Harm     .   (no gloves)
MR       .....                  (no boots)
Stlth    ..........             (no amulet)
HPRegen  0.10/turn              (no ring)
MPRegen  0.09/turn              (no ring)

@: no status effects
A: negative energy resistance 1, electricity resistance, unbreathing,
petrification resistance, rot immunity, AC +4
a: no special abilities


You were on level 2 of the Dungeon.
You were hungry.

You visited 1 branch of the dungeon, and saw 3 of its levels.

You collected 133 gold pieces.

Inventory:

Hand Weapons
 a - a +0 rapier
 p - a +0 short sword of speed (weapon)
Missiles
 d - 2 throwing nets (quivered)
Armour
 j - a +0 scale mail (worn)
 o - a +0 cloak (worn)
 q - a +0 helmet (worn)
Scrolls
 h - a scroll of remove curse
 k - a scroll of amnesia {unknown}
 m - a scroll of fog {unknown}
 r - a scroll of blinking {unknown}
Potions
 l - 2 potions of brilliance
Comestibles
 f - 8 rations


   Skills:
 + Level 2.8 Fighting
 * Level 3.2 Short Blades
 + Level 2.2 Throwing
 * Level 2.0 Armour
 * Level 2.9 Dodging
 + Level 1.1 Stealth
 + Level 0.5 Spellcasting
 * Level 0.7 Hexes


You had 4 spell levels left.
You knew the following spells:

 Your Spells              Type           Power        Failure   Level  Hunger
a - Confusing Touch       Hex            #.....       69%         1    ##.....

Your spell library contained the following spells:

 Spells                   Type           Power        Failure   Level  Hunger
 Confuse                  Hex            #.......     96%         3    ####...
 Gell's Gravitas          Tloc           #.........   99%         3    ####...
 Petrify                  Tmut/Erth      #.......     100%        4    #####..
 Metabolic Englaciation   Hex/Ice        #.........   100%        5    ######.
 Yara's Violent Unravell  Hex/Tmut       #.........   100%        5    ######.


Dungeon Overview and Level Annotations

Branches:
Dungeon (3/15)

Altars:

Annotations:
D:2 Ijyb, Robin


Innate Abilities, Weirdness & Mutations

You are resistant to torment.
Your stone body is resilient. (AC +4)
You are immune to poison.
You resist negative energy. (rN+)
You are resistant to electric shocks. (rElec)
You can survive without breathing.
You are immune to petrification.
You are immune to rotting.


Message History

You barely miss Ijyb.
Ijyb is severely wounded.
Robin throws Ijyb at you! Ijyb barely misses you.
You hit Ijyb but do no damage.
Ijyb is severely wounded.
Your scale mail prevents you from hitting Ijyb.
Ijyb is severely wounded.
Ijyb hits you with a +5 club!
* * * LOW HITPOINT WARNING * * *
Unknown command.
Okay, then.
Casting: Confusing Touch (safe; 69% risk of failure)
Confirm with . or Enter, or press ? or * to list all spells.
Your hands begin to glow red.
Robin hits you but does no damage.
Your scale mail prevents you from hitting Robin.
Robin says, "A pitiful Gargoyle like you will never find the ORB!"
Robin throws Ijyb at you!
You hit Robin but do no damage.
Robin appears confused.
Ijyb hits you with a +5 club.
You die...

#..# #.....# ####.### #.....##
#....).# #......## #.##.#.#
#......## #.##.#.## #.#.##[##
#.##....# #.#.....# #.####..#
#.####..#
########g####..###.####..#
#......#.@g..............#
######.####.####.##.##....##...
#.......###.####.##.##..#......
###.##.....##.....(>.)......#....
.).....#...##..###)#(###.##.##..#
###.####....#..###.#.###.......##
#.####.................#.>.###
#.........##.......#####...#
############.......# #...#


You could see Ijyb and Robin (confused).

Vanquished Creatures
  4 adders
  A gnoll (D:3)
  2 dart slugs
  4 leopard geckos
  2 ball pythons
  2 giant cockroaches
  19 goblins
  5 hobgoblins
  A quokka (D:2)
  8 bats
  5 frilled lizards
  6 kobolds
  5 rats
64 creatures vanquished.

Vanquished Creatures (others)
  3 hobgoblins (D:3)
3 creatures vanquished.

Grand Total: 67 creatures vanquished

Notes
Turn   | Place    | Note
-------+----------+-------------------------------------------
     0 | D:1      | Borgoz the Gargoyle Gladiator began the quest for the Orb.
     0 | D:1      | Reached XP level 1. HP: 12/12 MP: 1/1
     2 | D:1      | Noticed a formicid
     2 | D:1      | Noticed a naga
     4 | D:1      | Noticed an elf
     4 | D:1      | Noticed a tengu
     6 | D:1      | Noticed a felid
     8 | D:1      | Noticed an ogre
     8 | D:1      | Noticed a ghoul
    10 | D:1      | Noticed a minotaur
    12 | D:1      | Noticed a draconian
    12 | D:1      | Noticed a dwarf
    14 | D:1      | Noticed a demigod
    14 | D:1      | Noticed a spriggan
    16 | D:1      | Noticed a merfolk
    16 | D:1      | Noticed a human
    18 | D:1      | Noticed a halfling
    20 | D:1      | Noticed a centaur
    20 | D:1      | Noticed a gargoyle
    22 | D:1      | Noticed a vampire
    24 | D:1      | Noticed a vine stalker
    24 | D:1      | Noticed a demonspawn
    26 | D:1      | Noticed a troll
    26 | D:1      | Noticed an octopode
   183 | D:1      | Reached XP level 2. HP: 17/17 MP: 2/2
   439 | D:1      | Reached skill level 3 in Short Blades
   463 | D:1      | Reached skill level 1 in Armour
   463 | D:1      | Reached XP level 3. HP: 22/22 MP: 3/3
   835 | D:2      | Reached XP level 4. HP: 27/27 MP: 4/4
  1169 | D:2      | Learned a level 1 spell: Confusing Touch
  1332 | D:3      | Noticed Robin
  1336 | D:3      | Reached skill level 1 in Stealth
  1492 | D:3      | Noticed Ijyb
  1519 | D:3      | Reached XP level 5. HP: 14/32 MP: 5/5
  1559 | D:3      | HP: 1/32 [Ijyb/+5 club (6)]
  1975 | D:2      | Slain by Ijyb

Levels and vault maps discovered:
D:1:      kb_arrival_jail, layout_basic
D:2:      layout_loops_cross
D:3:      layout_rooms, first_ration, fountainhead, minmay_misc_feat_plants,
          minmay_rat_hole, uniq_ijyb, uniq_robin

Skill      XL: |  1  2  3  4  5 |
---------------+----------------+-----
Short Blades   | 3 |  3.2
Armour         | 1 2 |  2.0
Throwing       | 2 |  2.2
Stealth        | 1 |  1.1
Fighting       | |  2.8
Dodging        | |  2.9
Spellcasting   | |  0.5
Hexes          | |  0.7

Action                   |  1- 3 |  4- 6 || total
-------------------------+-------+-------++-------
Melee: Rapier            |    93 |       ||    93
       Short sword       |     6 |   188 ||   194
Throw: Throwing net      |       |     1 ||     1
 Cast: Confusing Touch   |       |     1 ||     1
  Use: Scroll            |       |     5 ||     5
       Potion            |       |     2 ||     2
 Stab: Invisible         |       |     3 ||     3
  Eat: Chunk             |       |     3 ||     3
Armor: Leather armour    |     9 |       ||     9
       Scale mail        |    49 |    89 ||   138
Dodge: Dodged            |    61 |   126 ||   187

Table legend:
 A = Non-vault XP
 B = Vault XP
 C = Vault XP percentage of total XP
 D = Non-vault monster count
 E = Vault monster count
 F = Vault count percentage of total count
                 A         B        C        D         E       F
            +---------+---------+-------+---------+---------+-------
      Total |     154 |      19 |  11.0 |      55 |      10 |  15.4
            +---------+---------+-------+---------+---------+-------
        D:1 |      39 |       0 |   0.0 |      21 |       0 |   0.0
        D:2 |      53 |       5 |   8.6 |      19 |       3 |  13.6
        D:3 |      62 |      14 |  18.4 |      15 |       7 |  31.8
            +---------+---------+-------+---------+---------+-------
